[ AOE2 MATCH · #505625448 ]
UnrankedShu vs Dravidians
Player's team · WIN
Rival team · LOSS
[ REPLAY ANALYSIS · EXTRACTED FROM THE RECORDED GAME ]
Feudal
8:28
Castle
17:39
Imperial
—
| APM avg | 54.0 |
| APM peak | 77 |
| eAPM avg | 26.0 |
| Villagers / military | 49 / 31 |
Focus
⚔️ 52.8% · 🌾 47.2%
Archer ×22 · Mangonel ×6 · Skirmisher ×2 · Scout Cavalry ×1
Feudal
12:10
Castle
15:49
Imperial
—
| APM avg | 50.7 |
| APM peak | 97 |
| eAPM avg | 21.5 |
| Villagers / military | 43 / 44 |
Focus
⚔️ 58.7% · 🌾 41.3%
Archer ×36 · Militia ×4 · Mangonel ×3 · Skirmisher ×1
Match map
Initial resources + every placement click. Lines = walls · curves = elevation contours. ◆ gold · ⬟ stone · ● berries · ✦ relic · ◌ wall gap
Your base· Open — 3t gap
Fakedos's base· Open — unwalled flank
Smoothed initial terrain · ◌ = detected wall gap · hover for details
Inputs per minute
— G-Dragon - - Fakedos
Build order — G-Dragon
First 150 of 172 actions detected
| 0:01 | Create | Villager (Male) |
| 0:02 | Build | House |
| 0:03 | Build | House |
| 0:15 | Create | Villager (Male) |
| 0:16 | Create | Villager (Male) |
| 0:28 | Create | Villager (Male) |
| 0:28 | Create | Villager (Male) |
| 1:33 | Create | Villager (Male) |
| 2:01 | Create | Villager (Male) |
| 2:12 | Build | Lumber Camp |
| 2:22 | Create | Villager (Male) |
| 2:58 | Create | Villager (Male) |
| 3:23 | Create | Villager (Male) |
| 3:31 | Build | House |
| 3:46 | Create | Villager (Male) |
| 3:59 | Create | Villager (Male) |
| 4:22 | Create | Villager (Male) |
| 4:59 | Build | Mill |
| 5:01 | Create | Villager (Male) |
| 5:24 | Create | Villager (Male) |
| 5:25 | Research | Loom |
| 6:02 | Build | House |
| 6:17 | Research | Feudal Age |
| 6:57 | Build | Palisade Wall |
| 7:16 | Build | Palisade Wall |
| 7:38 | Build | Barracks |
| 7:48 | Build | Palisade Wall |
| 7:52 | Create | Villager (Male) |
| 7:56 | Build | Palisade Wall |
| 8:00 | Build | Palisade Wall |
| 8:03 | Build | Palisade Wall |
| 8:16 | Build | Palisade Wall |
| 8:18 | Build | Palisade Wall |
| 8:19 | Create | Villager (Male) |
| 8:25 | Build | Palisade Wall |
| 8:26 | Build | Palisade Wall |
| 8:28 | Age | Feudal Age |
| 8:28 | Build | Palisade Wall |
| 8:29 | Build | Palisade Wall |
| 8:31 | Build | Palisade Wall |
| 8:35 | Build | Palisade Wall |
| 8:37 | Build | Palisade Wall |
| 8:38 | Build | Palisade Wall |
| 8:46 | Create | Villager (Male) |
| 9:05 | Build | Archery Range |
| 9:26 | Build | Mining Camp |
| 9:32 | Create | Villager (Male) |
| 9:42 | Build | Palisade Wall |
| 9:56 | Create | Villager (Male) |
| 9:58 | Create | Archer |
| 10:07 | Build | Farm |
| 10:21 | Create | Villager (Male) |
| 10:22 | Create | Archer |
| 10:43 | Build | House |
| 10:51 | Build | House |
| 10:56 | Create | Villager (Male) |
| 10:58 | Build | Farm |
| 11:12 | Build | House |
| 11:18 | Create | Villager (Male) |
| 11:41 | Create | Villager (Male) |
| 11:43 | Build | Farm |
| 12:00 | Build | Farm |
| 12:15 | Create | Archer |
| 12:15 | Create | Archer |
| 12:17 | Create | Villager (Male) |
| 12:35 | Build | Farm |
| 12:43 | Create | Archer |
| 12:51 | Create | Villager (Male) |
| 13:06 | Create | Villager (Male) |
| 13:13 | Build | Stable |
| 13:30 | Create | Villager (Male) |
| 13:34 | Create | Archer |
| 13:43 | Build | Farm |
| 13:57 | Create | Villager (Male) |
| 14:09 | Create | Scout Cavalry |
| 14:10 | Create | Archer |
| 14:34 | Create | Villager (Male) |
| 14:38 | Build | Blacksmith |
| 14:44 | Build | House |
| 14:49 | Build | House |
| 14:58 | Research | Castle Age |
| 14:59 | Research | Castle Age |
| 15:11 | Build | Palisade Wall |
| 15:16 | Build | Lumber Camp |
| 15:29 | Build | House |
| 15:32 | Create | Archer |
| 15:34 | Research | Fletching |
| 15:34 | Research | Fletching |
| 15:47 | Build | Palisade Wall |
| 15:48 | Build | Palisade Wall |
| 15:50 | Build | House |
| 16:01 | Create | Skirmisher |
| 16:04 | Research | Padded Archer Armor |
| 16:16 | Research | Horse Collar |
| 16:16 | Research | Horse Collar |
| 16:25 | Create | Skirmisher |
| 16:30 | Build | House |
| 16:37 | Build | Watch Tower |
| 17:00 | Create | Villager (Male) |
| 17:07 | Create | Archer |
| 17:37 | Create | Archer |
| 17:39 | Age | Castle Age |
| 17:44 | Research | Crossbowman (upgrade) |
| 17:46 | Research | Double-Bit Axe |
| 17:50 | Build | Palisade Wall |
| 17:50 | Build | Palisade Wall |
| 17:57 | Build | Siege Workshop |
| 18:06 | Research | Bodkin Arrow |
| 18:07 | Research | Bodkin Arrow |
| 18:11 | Build | Farm |
| 18:31 | Create | Villager (Male) |
| 18:45 | Create | Mangonel |
| 18:50 | Create | Villager (Male) |
| 19:19 | Create | Mangonel |
| 19:25 | Create | Villager (Male) |
| 19:33 | Build | House |
| 19:43 | Create | Archer |
| 19:45 | Research | Bow Saw |
| 19:45 | Research | Bow Saw |
| 19:47 | Build | Farm |
| 20:06 | Create | Villager (Male) |
| 20:21 | Create | Villager (Male) |
| 20:43 | Create | Mangonel |
| 20:48 | Create | Villager (Male) |
| 20:51 | Build | Farm |
| 21:03 | Build | Market |
| 21:06 | Build | Farm |
| 21:11 | Create | Archer |
| 21:11 | Create | Archer |
| 21:14 | Create | Villager (Male) |
| 21:41 | Build | Farm |
| 21:50 | Create | Villager (Male) |
| 21:58 | Create | Archer |
| 22:30 | Create | Villager (Male) |
| 22:39 | Create | Archer |
| 22:53 | Build | Farm |
| 22:54 | Build | Farm |
| 23:09 | Create | Villager (Male) |
| 23:10 | Build | University |
| 23:19 | Build | Town Center |
| 23:26 | Create | Mangonel |
| 23:27 | Create | Archer |
| 23:31 | Research | Wheelbarrow |
| 23:49 | Create | Archer |
| 23:50 | Create | Mangonel |
| 23:55 | Create | Villager (Male) |
| 24:04 | Create | Villager (Male) |
| 24:05 | Create | Villager (Male) |
| 24:41 | Research | Town Watch |
| 24:42 | Create | Villager (Male) |
Build order — Fakedos
137 actions detected in the replay
| 0:00 | Create | Villager (Male) |
| 0:00 | Create | Villager (Male) |
| 0:01 | Create | Villager (Male) |
| 0:02 | Build | House |
| 0:03 | Build | House |
| 0:09 | Create | Villager (Male) |
| 1:23 | Create | Villager (Male) |
| 1:58 | Create | Villager (Male) |
| 2:00 | Build | Lumber Camp |
| 2:21 | Create | Villager (Male) |
| 2:37 | Create | Villager (Male) |
| 2:58 | Create | Villager (Male) |
| 3:42 | Create | Villager (Male) |
| 3:49 | Build | House |
| 3:51 | Create | Villager (Male) |
| 4:26 | Create | Villager (Male) |
| 4:34 | Create | Villager (Male) |
| 4:43 | Build | Barracks |
| 4:58 | Create | Villager (Male) |
| 5:12 | Build | House |
| 5:30 | Create | Villager (Male) |
| 5:36 | Build | House |
| 5:40 | Create | Militia |
| 5:40 | Create | Militia |
| 5:52 | Create | Villager (Male) |
| 5:58 | Create | Militia |
| 6:19 | Create | Villager (Male) |
| 6:38 | Create | Villager (Male) |
| 6:53 | Build | Mill |
| 6:56 | Create | Villager (Male) |
| 7:23 | Create | Villager (Male) |
| 7:37 | Build | Farm |
| 7:48 | Create | Villager (Male) |
| 7:52 | Create | Villager (Male) |
| 7:53 | Create | Villager (Male) |
| 8:15 | Build | Farm |
| 8:26 | Build | House |
| 8:44 | Research | Loom |
| 8:52 | Create | Villager (Male) |
| 8:53 | Research | Loom |
| 8:54 | Build | Farm |
| 9:08 | Build | Farm |
| 9:25 | Research | Feudal Age |
| 9:35 | Build | Mining Camp |
| 10:22 | Create | Villager (Male) |
| 10:23 | Create | Villager (Male) |
| 11:07 | Create | Villager (Male) |
| 11:07 | Create | Villager (Male) |
| 12:10 | Age | Feudal Age |
| 12:13 | Build | Archery Range |
| 12:17 | Build | Blacksmith |
| 12:25 | Build | Watch Tower |
| 12:40 | Build | Archery Range |
| 13:05 | Create | Skirmisher |
| 13:09 | Research | Castle Age |
| 13:27 | Build | House |
| 13:37 | Build | Farm |
| 13:40 | Create | Archer |
| 13:44 | Build | House |
| 13:48 | Build | House |
| 13:57 | Create | Archer |
| 14:07 | Build | Farm |
| 14:18 | Build | House |
| 14:19 | Create | Archer |
| 14:37 | Research | Fletching |
| 14:50 | Create | Archer |
| 14:57 | Build | House |
| 15:00 | Build | House |
| 15:12 | Build | House |
| 15:17 | Create | Archer |
| 15:38 | Create | Villager (Male) |
| 15:49 | Age | Castle Age |
| 15:55 | Build | University |
| 16:04 | Research | Crossbowman (upgrade) |
| 16:16 | Research | Double-Bit Axe |
| 16:17 | Create | Archer |
| 16:18 | Create | Archer |
| 16:48 | Research | Bodkin Arrow |
| 17:03 | Build | Market |
| 17:10 | Create | Archer |
| 17:18 | Create | Archer |
| 17:27 | Create | Villager (Male) |
| 17:32 | Build | Farm |
| 17:40 | Create | Archer |
| 17:48 | Create | Archer |
| 18:07 | Research | Padded Archer Armor |
| 18:10 | Create | Archer |
| 18:37 | Build | Farm |
| 18:59 | Create | Archer |
| 18:59 | Create | Archer |
| 19:04 | Create | Archer |
| 19:28 | Research | Ballistics |
| 19:41 | Create | Villager (Male) |
| 19:48 | Create | Archer |
| 19:55 | Create | Archer |
| 20:04 | Create | Archer |
| 20:26 | Create | Archer |
| 20:27 | Create | Archer |
| 20:40 | Create | Archer |
| 20:40 | Create | Villager (Male) |
| 20:47 | Build | Farm |
| 20:51 | Create | Villager (Male) |
| 20:55 | Build | Lumber Camp |
| 20:57 | Create | Archer |
| 21:14 | Create | Archer |
| 21:37 | Create | Villager (Male) |
| 21:38 | Create | Archer |
| 21:38 | Create | Archer |
| 21:50 | Create | Villager (Male) |
| 21:56 | Create | Militia |
| 22:00 | Create | Villager (Male) |
| 22:04 | Create | Archer |
| 22:04 | Create | Archer |
| 22:26 | Create | Villager (Male) |
| 22:26 | Create | Archer |
| 22:43 | Create | Archer |
| 22:56 | Create | Archer |
| 23:07 | Build | Siege Workshop |
| 23:19 | Build | Siege Workshop |
| 23:30 | Create | Villager (Male) |
| 23:53 | Create | Mangonel |
| 24:04 | Build | Lumber Camp |
| 24:09 | Create | Villager (Male) |
| 24:20 | Create | Archer |
| 24:21 | Create | Archer |
| 24:21 | Create | Archer |
| 24:32 | Create | Archer |
| 24:52 | Create | Villager (Male) |
| 25:02 | Create | Villager (Male) |
| 25:05 | Build | Farm |
| 25:40 | Create | Villager (Male) |
| 25:41 | Create | Archer |
| 25:57 | Create | Mangonel |
| 26:21 | Build | Farm |
| 26:30 | Create | Mangonel |
| 26:30 | Create | Villager (Male) |
| 26:31 | Create | Archer |
Match timeline
| 4:43 | Fakedos · first_building Barracks |
| 6:57 | G-Dragon · wall_segment Palisade Wall x1 |
| 7:16 | G-Dragon · wall_segment Palisade Wall x1 |
| 7:38 | G-Dragon · first_building Barracks |
| 7:48 | G-Dragon · wall_segment Palisade Wall x1 |
| 7:56 | G-Dragon · wall_segment Palisade Wall x1 |
| 8:00 | G-Dragon · wall_segment Palisade Wall x1 |
| 8:03 | G-Dragon · wall_segment Palisade Wall x1 |
| 8:16 | G-Dragon · wall_segment Palisade Wall x1 |
| 8:18 | G-Dragon · wall_segment Palisade Wall x1 |
| 8:25 | G-Dragon · wall_segment Palisade Wall x1 |
| 8:26 | G-Dragon · wall_segment Palisade Wall x1 |
| 8:28 | G-Dragon · age_up feudal |
| 8:28 | G-Dragon · wall_segment Palisade Wall x1 |
| 8:29 | G-Dragon · wall_segment Palisade Wall x1 |
| 8:31 | G-Dragon · wall_segment Palisade Wall x1 |
| 8:35 | G-Dragon · wall_segment Palisade Wall x1 |
| 8:37 | G-Dragon · wall_segment Palisade Wall x1 |
| 8:38 | G-Dragon · wall_segment Palisade Wall x1 |
| 9:05 | G-Dragon · first_building Archery Range |
| 9:42 | G-Dragon · wall_segment Palisade Wall x1 |
| 12:10 | Fakedos · age_up feudal |
| 12:13 | Fakedos · first_building Archery Range |
| 13:13 | G-Dragon · first_building Stable |
| 15:11 | G-Dragon · wall_segment Palisade Wall x1 |
| 15:47 | G-Dragon · wall_segment Palisade Wall x1 |
| 15:48 | G-Dragon · wall_segment Palisade Wall x1 |
| 15:49 | Fakedos · age_up castle |
| 17:39 | G-Dragon · age_up castle |
| 17:50 | G-Dragon · wall_segment Palisade Wall x1 |
| 17:50 | G-Dragon · wall_segment Palisade Wall x1 |
| 17:57 | G-Dragon · first_building Siege Workshop |
| 19:23 | Fakedos · first_market_buy 100 wood |
| 19:23 | Fakedos · first_market_sell 100 food |
| 22:57 | G-Dragon · first_market_buy 100 stone |
| 23:07 | Fakedos · first_building Siege Workshop |
| 27:03 | Fakedos · resign |
[ AI ANALYSIS · 1 CREDIT ]
What really happened in this match?
Wolo.gg analyzes every decision: build order, eco, micro, common mistakes by bracket. Personalized analysis on WhatsApp or Discord in 30 seconds.
Civ guide
Shu
Perfil
Rory